 Dungeon Crawl Stone Soup version 0.17-a0-129-g9432df0 (webtiles) character file.

602 Ngotmuk the Cudgeler (level 7, -3/66 HPs)
             Began as a Deep Dwarf Fighter on Mar 24, 2015.
             Slain by Ngotmuk's ghost (5 damage)
             ... on level 5 of the Dungeon.
             The game lasted 00:06:20 (2038 turns).

Ngotmuk the Cudgeler (Deep Dwarf Fighter)           Turns: 2038, Time: 00:06:20

Health: -3/66      AC: 17    Str: 22    XL:     7   Next: 18%
Magic:  7/7        EV: 10    Int:  8    God:
Gold:   212        SH:  0    Dex: 12    Spells: 0 memorised, 6 levels left

rFire  x . .     SeeInvis .     s - +0 flail (protect)
rCold  + . .     Clarity  .     u - +1 chain mail
rNeg   . . .     SustAb   .     (no shield)
rPois  .         Gourm    .     (no helmet)
rElec  .         Spirit   .     b - +0 cloak
rCorr  .         Warding  .     (no gloves)
rMut   .         Stasis   .     (no boots)
MR     +....                    (no amulet)
Stlth  ..........               g - ring of ice
                                p - +2 ring of evasion

@: non-regenerating, somewhat resistant to hostile enchantments, extremely
unstealthy
A: damage resistance, recharge devices, sense surroundings 1, slow healing 3
a: Device Recharging


You were on level 5 of the Dungeon.
You were not hungry.

You visited 1 branch of the dungeon, and saw 5 of its levels.

You collected 212 gold pieces.

Inventory:

Hand weapons
 s - a +0 flail of protection (weapon)
Armour
 b - a +0 cloak (worn)
 u - a +1 chain mail (worn)
Jewellery
 g - a ring of ice (right hand)
 o - a +2 ring of dexterity {unknown}
 p - a +2 ring of evasion (left hand)
Magical devices
 d - a wand of heal wounds (0)
Scrolls
 j - a scroll of magic mapping
 m - 2 scrolls of teleportation
 q - 3 scrolls of remove curse
Potions
 c - 4 potions of curing {unknown}
 e - 2 potions of might
 h - a potion of flight {unknown}
 k - 2 potions of lignification {unknown}
 l - 3 potions of agility {unknown}
 w - a potion of mutation {unknown}
 x - a potion of brilliance {unknown}
 z - a potion of haste
Comestibles
 f - 2 bread rations
 i - 2 fruits
 n - a meat ration


   Skills:
 + Level 4.3 Fighting
 * Level 5.9 Maces & Flails
 + Level 5.2 Armour
   Level 3.2 Shields


You had 6 spell levels left.
You didn't know any spells.

Dungeon Overview and Level Annotations

Branches:
Dungeon (5/15)
 Temple: D:4-7

Altars:
Fedhas
Makhleb
Xom

Annotations:
D:5 Ngotmuk's ghost, experienced DDFi


Innate Abilities, Weirdness & Mutations

You are resistant to damage.
You can recharge devices by infusing magical energy.
You passively map a small area around you.
You do not heal naturally.


Message History

You hit Ngotmuk's ghost but do no damage.
Ngotmuk's ghost is heavily damaged.
The bat hits you but does no damage. Ngotmuk's ghost hits you.
You hit Ngotmuk's ghost but do no damage.
Ngotmuk's ghost is heavily damaged.
The bat hits you but does no damage. Ngotmuk's ghost hits you.
You hit Ngotmuk's ghost but do no damage.
Ngotmuk's ghost is heavily damaged.
The bat completely misses you. Ngotmuk's ghost closely misses you.
You hit Ngotmuk's ghost but do no damage.
Ngotmuk's ghost is heavily damaged.
The bat hits you but does no damage. Ngotmuk's ghost closely misses you.
You barely miss Ngotmuk's ghost.
Ngotmuk's ghost is heavily damaged.
The bat closely misses you. The bat completely misses you.
Ngotmuk's ghost closely misses you.
You hit Ngotmuk's ghost.
Ngotmuk's ghost is severely damaged.
The bat closely misses you. Ngotmuk's ghost hits you.
You die...

*,* *,******,,, *,*
*,*******,, ******,*
*,,,,,,,,,, *,,,,*,*
*********,, *,**,#,* **,
*,**,#.######## *,
*,**.........<# *>
*,*#...##....W########**
**
*,*#......PbP@........,*
*,*?..###.._..########,*
*,*,*,....P.P.#*****,*,*
*,*,..?.........,,,,,*,*
*,**#########....,,,,*,*
*,**********######****,*
*,,,,,,,,,,,,,,,,,,,,,,*
************************


You could see Ngotmuk's ghost and a bat.

Vanquished Creatures
  Grinder (D:4)
  A centaur (D:5)
  2 crimson imps (D:5)
  2 centaur zombies (D:5)
  2 orc priests
  An orc wizard (D:4)
  2 worker ants
  A giant mite (D:1)
  An adder (D:2)
  A worm (D:2)
  7 orcs
  A bat skeleton (D:5)
  4 giant cockroaches
  6 hobgoblins
  4 kobolds
  3 ball pythons (D:1)
  5 bats
  A giant gecko (D:2)
  3 giant newts
  7 goblins
  A quokka (D:2)
  4 rats
60 creatures vanquished.

Notes
Turn   | Place    | Note
--------------------------------------------------------------
     0 | D:1      | Ngotmuk, the Deep Dwarf Fighter, began the quest for the Orb.
     0 | D:1      | Reached XP level 1. HP: 20/20 MP: 1/1
   173 | D:1      | Reached XP level 2. HP: 22/27 MP: 2/2
   539 | D:2      | Reached XP level 3. HP: 26/34 MP: 3/3
  1168 | D:3      | Reached XP level 4. HP: 11/42 MP: 4/4
  1235 | D:3      | Noticed an ogre
  1286 | D:4      | Reached skill level 4 in Armour
  1293 | D:4      | Reached XP level 5. HP: 9/49 MP: 5/5
  1652 | D:4      | Noticed Grinder
  1652 | D:4      | Paralysed by Grinder for 3 turns
  1659 | D:4      | Paralysed by Grinder for 2 turns
  1669 | D:4      | Killed Grinder
  1669 | D:4      | Reached skill level 5 in Maces & Flails
  1669 | D:4      | Reached XP level 6. HP: 3/57 MP: 6/6
  1700 | D:5      | Entered Level 5 of the Dungeon
  1824 | D:5      | Reached skill level 5 in Armour
  1866 | D:5      | Found a shimmering altar of Xom.
  1866 | D:5      | Found a burning altar of Makhleb.
  1871 | D:5      | Reached XP level 7. HP: 41/64 MP: 7/7
  1998 | D:5      | Found a blossoming altar of Fedhas.
  1998 | D:5      | Noticed Ngotmuk's ghost (experienced DDFi)
  2030 | D:5      | HP: 2/66 [Ngotmuk's ghost (3)]
  2038 | D:5      | Slain by Ngotmuk's ghost

Action                   |  1- 3 |  4- 6 |  7- 9 || total
-------------------------+-------+-------+-------++-------
Melee: Flail             |   101 |    71 |    83 ||   255
Evoke: Wand              |       |     5 |       ||     5
  Use: Scroll            |       |     7 |     2 ||     9
  Eat: Royal jelly       |       |     1 |       ||     1
       Meat ration       |       |     1 |       ||     1
